 Dungeon Crawl Stone Soup version 0.16-a0-2243-g84b8fb8 (webtiles) character file.

212 Kraw the Twirler (level 5, -11/41 HPs)
             Began as a Ghoul Gladiator on Nov 15, 2014.
             Was a Follower of Ashenzari.
             Mangled by Menkaure (14 damage)
             ... on level 4 of the Dungeon.
             The game lasted 00:13:08 (2688 turns).

Kraw the Twirler (Ghoul Gladiator)                  Turns: 2688, Time: 00:13:09

Health: -11/41     AC:  7    Str: 19    XL:     5   Next: 89%
Magic:  4/4        EV: 10    Int:  4    God:    Ashenzari [*.....]
Gold:   156        SH:  0    Dex:  9    Spells: 0 memorised, 4 levels left

rFire  . . .     SeeInvis .     a - +0 quarterstaff
rCold  + . .     Clarity  .     u - +0 ring mail
rNeg   + + +     SustAb   .     (no shield)
rPois  +         Gourm    .     c - +0 helmet
rElec  .         Spirit   .     (no cloak)
rCorr  .         Warding  .     (no gloves)
rMut   .         Stasis   .     j - +0 pair of boots (curse)
MR     .....                    (no amulet)
Stlth  ..........               (no ring)
                                (no ring)

@: rotting, not resistant to hostile enchantments, extremely unstealthy
A: rotting body, claws 1, carnivore 3, cold resistance 1, negative energy
resistance 3, poison resistance, slow healing 1, torment resistance, unbreathing
a: Renounce Religion


You were on level 4 of the Dungeon.
You worshipped Ashenzari.
Ashenzari was aware of your devotion.
You were not hungry.

You visited 1 branch of the dungeon, and saw 4 of its levels.

You collected 156 gold pieces.

Inventory:

Hand weapons
 a - a +0 quarterstaff (weapon)
 b - a +0 hunting sling
 I - a +2 quarterstaff of chaos
Missiles
 d - 3 throwing nets {=f}
 f - 37 poisoned needles
 q - 3 javelins (quivered)
 w - 4 tomahawks
 B - 16 stones
 E - 4 sling bullets
Armour
 c - a +0 helmet (worn)
 j - a cursed +0 pair of boots (worn)
 u - a +0 ring mail (worn)
 J - a +0 cloak
Jewellery
 C - an uncursed ring of ice
Magical devices
 o - a wand of digging (5)
 y - a wand of disintegration (12)
Scrolls
 e - a scroll of recharging {unknown}
 h - 2 scrolls of identify {unknown}
 p - a scroll of enchant weapon {unknown}
 r - a scroll of teleportation {unknown}
 x - a scroll of amnesia {unknown}
 A - a scroll of magic mapping {unknown}
 D - a scroll of curse armour
 F - 2 scrolls of curse jewellery
Potions
 i - a potion of invisibility {unknown}
 k - a potion of beneficial mutation {unknown}
 l - 2 potions of restore abilities {unknown}
 m - a potion of heal wounds {unknown}
 n - a potion of might {unknown}
 t - 3 potions of flight {unknown}
 v - a potion of confusion {unknown}
 H - a potion of berserk rage {unknown}
Comestibles
 g - a meat ration
 s - a beef jerky
 z - a slice of pizza
 G - 2 chunks of flesh


   Skills:
 - Level 2.1 Fighting
 + Level 5.8 Staves
 - Level 1.7 Throwing
 - Level 2.6 Dodging


You had 4 spell levels left.
You didn't know any spells.

Dungeon Overview and Level Annotations

Branches:
Dungeon (4/15)
 Temple: D:4-7

Altars:
Ashenzari
The Shining One

Annotations:
D:3 Sigmund
D:4 Kraw's ghost, average DrTm; Menkaure


Innate Abilities, Weirdness & Mutations

Your body is rotting away.
You thrive on raw meat.
You have sharp fingernails.
You are carnivorous and can eat meat at any time.
Your flesh is cold resistant.
You are immune to negative energy.
Your system is resistant to poisons.
You heal slowly when monsters are visible.
You are immune to unholy pain and torment.
You can survive without breathing.


Message History

Things that are here:
an uncursed quarterstaff of chaos; an uncursed cloak the gnoll corpse of Crazy Yiuf
I - an uncursed quarterstaff of chaos;
J - an uncursed cloak Your surroundings suddenly seem different.
Menkaure, Prince of Dust comes into view.
Menkaure shouts!
Menkaure gestures wildly while chanting.
Menkaure seems to speed up.
Found a meat ration.
You hit Menkaure.
Menkaure is lightly damaged.
Menkaure hits you!!
Ouch! That really hurt!
You hit Menkaure.
Menkaure is moderately damaged.
Menkaure hits you!
* * * LOW HITPOINT WARNING * * *
Menkaure hits you!
You die...

. ... ....
.....
#......#######
#%.....M@....#
####.........#
#.............
#.............
#.............
#............
............
..........
####


You could see Menkaure.

Vanquished Creatures
  Crazy Yiuf (D:4)
  A worker ant (D:4)
  Ijyb (D:2)
  7 adders
  2 worms
  3 oozes
  An orc (D:3)
  9 bats
  3 giant cockroaches
  10 goblins
  9 hobgoblins
  2 jackals (D:1)
  2 giant geckos (D:2)
  3 giant newts
  7 kobolds
  4 rats
65 creatures vanquished.

Notes
Turn   | Place    | Note
--------------------------------------------------------------
     0 | D:1      | Kraw, the Ghoul Gladiator, began the quest for the Orb.
     0 | D:1      | Reached XP level 1. HP: 17/17 MP: 1/1
   114 | D:1      | Reached skill level 3 in Staves
   173 | D:1      | Reached XP level 2. HP: 19/24 MP: 2/2
   371 | D:1      | Found a shattered altar of Ashenzari.
   411 | D:1      | Reached XP level 3. HP: 21/28 MP: 3/3
   439 | D:1      | Became a worshipper of Ashenzari the Shackled
   844 | D:1      | Reached skill level 4 in Staves
  1239 | D:2      | Reached XP level 4. HP: 36/36 MP: 3/3
  1280 | D:2      | Noticed Ijyb
  1289 | D:2      | Killed Ijyb
  1577 | D:2      | Reached skill level 5 in Staves
  1708 | D:3      | Reached XP level 5. HP: 36/41 MP: 4/4
  1727 | D:3      | Noticed Sigmund
  2139 | D:3      | Found a glowing golden altar of the Shining One.
  2383 | D:4      | Noticed Kraw's ghost (average DrTm)
  2669 | D:4      | Noticed Crazy Yiuf
  2683 | D:4      | Killed Crazy Yiuf
  2685 | D:4      | Noticed Menkaure
  2688 | D:4      | Mangled by Menkaure

Action                   |  1- 3 |  4- 6 || total
-------------------------+-------+-------++-------
Melee: Quarterstaff      |   115 |   134 ||   249
 Fire: Hunting sling     |       |    19 ||    19
Throw: Javelin           |     6 |    11 ||    17
       Tomahawk          |       |     6 ||     6
       Throwing net      |       |     1 ||     1
  Eat: Chunk             |    11 |    10 ||    21
